AoeStats
← GNEISS

Fortress

508081148Analyzed
2v2 RM · 12d ago on Sep 20, 2026· 61m 45s· 4 players
Game mode
Random Map
Map size
Normal (6 player)
Population
200
Speed
Normal
Resources
Standard
Victory
Conquest
Starting age
Dark Age
Ending age
Imperial Age
RankedLock teamsTeams togetherTeam positionsShared explorationLock speedFull tech treeHidden civsTurbo modeCheats
Victory
Defeat
🇨🇦 Persians · Canada
1100
+20
🇨🇱 Khmer · Chile
1076
+21
🇨🇱 Bulgarians · Chile
1189
-21
🇨🇱 Tupi · Chile
1180
-20
Ellie
7:16 Feudal Age
11:44 Castle Age
10:46 Double-Bit Axe
12:15 Horse Collar
15:33 Loom
17:25 Bloodlines
18:04 Bow Saw
18:17 Scale Barding Armor
18:22 Forging
18:32 Heavy Plow
19:24 Forging
23:54 Gold Mining
24:49 Chain Barding Armor
25:04 Iron Casting
24:34 Husbandry
27:04 Gold Shaft Mining
29:57 Wheelbarrow
32:42 Imperial Age
31:09 Fletching
32:10 Bodkin Arrow
32:41 Cavalier
33:58 Plate Barding Armor
34:23 Blast Furnace
34:30 Masonry
34:41 Ballistics
34:33 Stone Mining
35:15 Caravan
35:13 Savar
44:16 Capped Ram
45:11 Siege Ram
50:55 Light Cavalry
51:51 Hussar
PIPEX1356
0:33 Loom
7:56 Feudal Age
12:52 Castle Age
14:59 Husbandry
15:55 Fervor
17:14 Wheelbarrow
18:43 Hand Cart
27:59 Imperial Age
25:39 Double-Bit Axe
29:41 Horse Collar
30:18 Stone Mining
30:27 Gold Mining
32:09 Bloodlines
32:06 Scale Barding Armor
32:12 Forging
32:59 Heavy Plow
34:24 Chain Barding Armor
34:40 Iron Casting
34:26 Bow Saw
34:48 Double Crossbow
34:52 Tusk Swords
35:33 Crop Rotation
35:19 Caravan
37:07 Chemistry
36:44 Siege Engineers
36:35 Murder Holes
37:12 Ballistics
38:16 Blast Furnace
38:34 Heavy Scorpion
38:54 Elite Ballista Elephant
39:59 Elite Battle Elephant
43:32 Fortified Wall
43:28 Padded Archer Armor
43:18 Fletching
45:28 Plate Barding Armor
48:09 Hoardings
47:05 Sappers
47:55 Conscription
47:54 Leather Archer Armor
47:35 Bodkin Arrow
53:12 Capped Ram
55:11 Stone Shaft Mining
55:12 Gold Shaft Mining
55:09 Ring Archer Armor
54:39 Bracer
59:15 Siege Ram
Mr.Gumball
6:44 Feudal Age
11:26 Castle Age
9:35 Double-Bit Axe
9:43 Horse Collar
10:14 Gold Mining
12:30 Heavy Plow
16:14 Bow Saw
16:15 Stone Mining
17:23 Fletching
17:40 Loom
20:30 Ballistics
20:21 Bodkin Arrow
21:43 Wheelbarrow
21:47 Padded Archer Armor
24:36 Hand Cart
24:13 Town Watch
27:37 Imperial Age
29:34 Conscription
29:26 Bracer
30:54 Leather Archer Armor
30:48 Curare
31:17 Conscription
32:02 Chemistry
30:59 Pikeman
31:41 Squires
31:26 Arson
33:03 Ring Archer Armor
32:44 Forging
32:35 Scale Mail Armor
33:49 Halberdier
35:53 Iron Casting
35:34 Chain Mail Armor
36:29 Elite Blackwood Archer
43:03 Plate Mail Armor
52:06 Onager
54:23 Caravan
GNEISS
7:44 Feudal Age
6:01 Loom
13:44 Castle Age
12:05 Double-Bit Axe
12:03 Horse Collar
12:21 Gold Mining
13:12 Forging
13:32 Scale Barding Armor
15:05 Chain Barding Armor
14:58 Bow Saw
19:54 Gold Shaft Mining
19:23 Heavy Plow
25:48 Town Watch
31:06 Imperial Age
29:03 Bloodlines
29:56 Stirrups
30:26 Husbandry
31:09 Stone Mining
32:42 Plate Barding Armor
34:12 Iron Casting
36:29 Blast Furnace
37:27 Elite Konnik
38:11 Scale Mail Armor
40:41 Conscription
44:41 Bagains
56:22 Pikeman
57:58 Squires
58:06 Fletching
58:34 Bodkin Arrow
58:49 Halberdier
Connection lost

Rejoining the realm…

Still unreachable

The connection could not be restored.

Session expired

The server has moved on; the page needs a fresh start.